 Dungeon Crawl Stone Soup version 0.20.1-1-g8b1a95d (webtiles) character file.

24 Zachthehappycat the Sneak (level 2, 0/13 HPs)
             Began as a Spriggan Enchanter on July 9, 2017.
             Slain by a kobold
             ... wielding a +2 short sword of freezing
              (1 damage)
             ... on level 1 of the Dungeon.
             The game lasted 00:03:32 (797 turns).

Zachthehappycat the Sneak (Spriggan Enchanter)       Turns: 797, Time: 00:03:33

Health: 0/13       AC:  2    Str:  4    XL:     2   Next: 79%
Magic:  7/7        EV: 19    Int: 16    God:
Gold:   19         SH:  0    Dex: 16    Spells: 6/7 levels left

rFire    . . .     SeeInvis +   a - +1 dagger
rCold    . . .     Gourm    .   (shield restricted)
rNeg     . . .     Faith    .   b - +0 robe
rPois    .         Spirit   .   (helmet restricted)
rElec    .         Reflect  .   (no cloak)
rCorr    .         Harm     .   (gloves unavailable)
MR       .....                  (boots unavailable)
Stlth    +++.......             (no amulet)
Regen    0.1/turn               (no ring)
MPRegen  0.1/turn               (no ring)

@: very quick
A: unfitting armour, see invisible, herbivore 3, speed 3, slow metabolism 2
a: no special abilities


You were on level 1 of the Dungeon.
You were not hungry.

You visited 1 branch of the dungeon, and saw 1 of its levels.

You collected 19 gold pieces.

Inventory:

Hand Weapons
 a - a +1 dagger (weapon)
Missiles
 k - 30 stones (quivered)
Armour
 b - a +0 robe (worn)
Scrolls
 e - a scroll of enchant armour {unknown}
 h - a scroll of amnesia {unknown}
 i - a scroll of teleportation {unknown}
Potions
 g - a potion of mutation {unknown}
 j - a potion of flight {unknown}
Books
 c - a book of Maledictions

   Spells                             Type                      Level
   a - Corona                         Hexes                        1
   b - Ensorcelled Hibernation        Hexes/Ice                    2
   c - Confuse                        Hexes                        3
   d - Tukima's Dance                 Hexes                        3
   e - Dazzling Spray                 Conjuration/Hexes            3
Comestibles
 d - 2 bread rations
 f - 4 fruits


   Skills:
 + Level 1.8 Short Blades
 + Level 3.6 Dodging
 + Level 4.5 Stealth
 + Level 3.1 Spellcasting
 + Level 3.9 Hexes


You had 6 spell levels left.
You knew the following spells:

 Your Spells              Type           Power        Failure   Level  Hunger
a - Corona                Hex            ###....      3%          1    #......


Dungeon Overview and Level Annotations

Branches:
Dungeon (1/15)

Altars:


Innate Abilities, Weirdness & Mutations

You are very small and have problems with some larger weapons.
You are too small for most types of armour.
You have supernaturally acute eyesight. (SInv)
You are a herbivore.
You cover ground extremely quickly.
You need consume almost no food.


Message History

A kobold comes into view.
It is wielding a short sword of freezing.
No target in view!
No target in view!
No target in view!
No target in view!
No target in view!
No target in view!
No target in view!
No target in view!
No target in view!
You hit the kobold but do no damage. The kobold closely misses you.
You miss the kobold. The kobold closely misses you.
You barely miss the kobold.
The kobold hits you with a short sword of freezing.
The kobold freezes you.
You completely miss the kobold.
The kobold hits you with a short sword of freezing.
* * * LOW HITPOINT WARNING * * *
The kobold freezes you.
You die...

........### #.# #......## #.##.#
....#.....###.####.......###.##.#
....##....##.....................
....###..÷...................####
....# #.....(.####.)......)..'...
##### ##.##.....##......#..###♣♣.
#..##.##.........##..###♣.
##[#..##.K#..##.####...#♣♣
#.#.####@.#....######.###
#................####...#
##.............#....##..#
#..............###...... ####
#..............# #...... ...#
#.........(....# #......
##.#######..............# #......
##.....##...............###).....
######†..........................


You could see a kobold.

Vanquished Creatures
  A dart slug (D:1)
  A ball python (D:1)
  2 bats (D:1)
  5 goblins (D:1)
  4 hobgoblins (D:1)
  2 kobolds (D:1)
  4 frilled lizards (D:1)
  A rat (D:1)
20 creatures vanquished.

Notes
Turn   | Place    | Note
-------+----------+-------------------------------------------
     0 | D:1      | Zachthehappycat the Spriggan Enchanter began the quest for the Orb.
     0 | D:1      | Reached XP level 1. HP: 9/9 MP: 5/5
   271 | D:1      | Reached XP level 2. HP: 5/13 MP: 6/6
   797 | D:1      | Slain by a kobold

Skill      XL: |  1  2 |
---------------+-------+-----
Spellcasting   | 3 |  3.1
Short Blades   | |  1.8
Dodging        | |  3.6
Stealth        | |  4.5
Hexes          | |  3.9

Action                   || total
-------------------------++-------
Melee: Dagger            ||    74
 Cast: Corona            ||    11
  Use: Potion            ||     1
 Stab: Sleeping          ||     4
Armor: Robe              ||     7
Dodge: Dodged            ||    71
